Unix NetHack Version 5.0.0-0 post-release - last build May 31 2026 23:59:36 (970b52f25bf058293b47ddfd14a1e40e571c508c,branch:main).

Game began 2026-06-05 03:48:44, ended 2026-06-05 04:02:04.

IanCurtis, chaotic male elven Wizard

-------
|..--.|   ----              ---.--
|.....#####..|  ---- #    ---.[@.|
--.----   |..-- |..|# )   |......|
 |..|     --..---..#-- #  |.....-|
 --.---   --...)[)%..--   |<..)o.#
  |...--  |.>.........--  #-.|...-
  ---..|  |............--- ----...
    --.|  --.|...........----.--..
     |.--  ----....^......||......
     |..---   --....----..|--.^|..
     --...-    |.----  |..----.|
      ---..    ---     --.)....|
        |..-            |.....---
        |...-     ----- |..%....|
        ---..     |...---`---...|
          |..     |....%.   --.^-
          |...    |.|..--..---...
          |..-......--...........
          --...........--------..
           ----------
IanCurtis the Thaumaturge  St:8 Dx:14 Co:11 In:19 Wi:15 Ch:9  Chaotic
Dlvl:4  $:6  HP:0(49) Pw:34(86) AC:9  Xp:6 T:1736  Burdened

Latest messages:
 You feel much better.
 You see here a rothe corpse.
 The gnome wields a rusty dagger!
 In what direction? l
 The spell hits the gnome!
 The gnome resists!
 The gnome thrusts his dagger.
 The gnome hits!
 The gnome thrusts his dagger.
 The gnome hits!
 You kill the gnome!
 There are many objects here.
 You see here a rothe corpse.
 There's a gaping hole under you!
 The hill orc wields a crude dagger!
 In what direction? h
 The spell hits the hill orc!
 You kill the hill orc!
 Welcome to experience level 6.
 You hear something shatter!
 The spell hits the hill orc!
 You kill the hill orc!
 The hill orc wields a curved sword!
 The hill orc hits!
 The hill orc thrusts his crude dagger.
 The hill orc hits!
 In what direction? j
 The spell hits the hill orc!
 The spell hits it!
 You kill it!
 The spell hits the hill orc!
 You kill the hill orc!
 The hill orc thrusts his crude dagger.
 The hill orc hits!
 The hill orc thrusts his crude dagger.
 The hill orc hits!
 In what direction? b
 The spell hits the hill orc!
 You kill the hill orc!
 The hill orc hits!
 In what direction? j
 The spell hits the hill orc!
 You kill the hill orc!
 In what direction? h
 The spell hits the hill orc!
 You kill the hill orc!
 It picks up an iron skull cap.
 It hits!
 You die...
 Do you want your possessions identified? [ynq] (y) q

Inventory:
 Coins    ('$')
  $ - 6 gold pieces
 Weapons  (')')
  a - a blessed +1 quarterstaff (weapon in hands)
 Armor    ('[')
  I - a cursed -1 helm of telepathy
  b - an uncursed +0 cloak of magic resistance (being worn)
 Comestibles  ('%')
  r - 2 uncursed cram rations
  p - 2 uncursed food rations
 Scrolls  ('?')
  s - an uncursed scroll of enchant weapon
  j - an uncursed scroll of light
  i - an uncursed scroll of remove curse
  t - an uncursed scroll of teleportation
 Spellbooks  ('+')
  m - an uncursed spellbook of confuse monster
  l - a blessed spellbook of force bolt
 Potions  ('!')
  h - an uncursed potion of extra healing
  g - an uncursed potion of fruit juice
  f - an uncursed potion of speed
 Rings    ('=')
  e - an uncursed +4 ring of increase accuracy
  x - an uncursed ring of searching
 Wands    ('/')
  c - a wand of fire (0:7)
  H - a wand of polymorph (0:5)
  F - a wand of speed monster (0:4)
 Tools    ('(')
  G - a bag of tricks (0:9)
  o - an uncursed leather drum
  k - an uncursed lock pick
  n - a magic marker (0:21)
  u - an uncursed magic whistle
  d - a +0 pick-axe
  E - a blessed partly used tallow candle
  y - an uncursed tallow candle
 Gems/Stones  ('*')
  D - an uncursed luckstone

IanCurtis the Wizard's attributes:

Background:
 You were a Thaumaturge, a level 6 male elven Wizard.
 You were chaotic, on a mission for Anhur
 who was opposed by Ptah (lawful) and Thoth (neutral).
 You were left-handed.
 You were in the Gnomish Mines, on level 4.
 You entered the dungeon 1736 turns ago.
 It was nighttime.
 You had 385 experience points, 255 more were needed to attain level 7.

Basics:
 You had 0 out of 49 hit points.
 You had 34 out of 86 energy points (spell power).
 Your armor class was 9.
 Your wallet contained 6 zorkmids.
 Autopickup was off.

Final Characteristics:
 Your strength was 8 (limit:18).
 Your dexterity was 14 (limit:18).
 Your constitution was 11 (limit:16).
 Your intelligence was 19 (limit:20).
 Your wisdom was 15 (limit:20).
 Your charisma was 9 (limit:18).

Final Status:
 You weren't hungry.
 You were burdened; movement was slightly slowed.
 You were wielding a quarterstaff.
 You had basic skill with quarterstaff.

Final Attributes:
 You were devoutly aligned.
 You were magic-protected.
 You were sleep resistant.
 You had infravision.
 You were warded.
 You were lucky.
 You had extra luck.
 Bad luck did not time out for you.
 Good luck did not time out for you.
 You are dead.

Miscellaneous:
 You didn't encounter any bones levels.
 Total elapsed playing time was 13 minutes and 19 seconds.

Major events:
 Turn
    1: IanCurtis the chaotic male elven Wizard entered the dungeon
  872: attained the rank of Conjurer (level 3)
  949: entered the Gnomish Mines
 1729: attained the rank of Thaumaturge (level 6)
 1736: killed by an invisible hill orc

Spells:
 Name                 Level Category     Fail Retention
 force bolt             1   attack         0%  91%-100%
 confuse monster        1   enchantment    0%  91%-100%

Skills:
 Fighting Skills
   bare handed combat [Unskilled]
   riding             [Unskilled]
 Weapon Skills
   dagger             [Unskilled]
   knife              [Unskilled]
   axe                [Unskilled]
   short sword        [Unskilled]
   club               [Unskilled]
   mace               [Unskilled]
   quarterstaff       [Basic]
   polearms           [Unskilled]
   spear              [Unskilled]
   trident            [Unskilled]
   sling              [Unskilled]
   dart               [Unskilled]
   shuriken           [Unskilled]
 Spellcasting Skills
   attack spells      [Basic]
   healing spells     [Unskilled]
   divination spells  [Unskilled]
   enchantment spells [Basic]
   clerical spells    [Unskilled]
   escape spells      [Unskilled]
   matter spells      [Unskilled]

Voluntary challenges:
 Character rerolling was not enabled.
 You were illiterate.
 You never genocided any monsters.
 You never polymorphed an object.
 You never changed form.
 You used no wishes.
Achievements:
 You attained the rank of Conjurer.
 You entered a shop.
 You entered the Gnomish Mines.
 You attained the rank of Thaumaturge.

 The Dungeons of Doom: levels 1 to 2
    Level 1:
    Level 2:
       A tool shop.
       Stairs down to The Gnomish Mines.
 The Gnomish Mines: levels 3 to 5
    Level 3:
    Level 4: <- You were here.
       Final resting place for
          you, killed by an invisible hill orc.
    Level 5:


Vanquished creatures:
  a gnome ruler
  a pony
  a shrieker
  4 gnome leaders
  a kitten
  4 dwarves
  7 hill orcs
  2 rothes
 an orc zombie
  3 dwarf zombies
 an iguana
  a hobbit
  a hobgoblin
  a giant rat
 15 gnomes
  a gecko
  2 jackals
  a fox
  2 goblins
  7 grid bugs
  4 lichens
  4 newts
65 creatures vanquished.

No species were genocided or became extinct.

Game over:
                       ----------
                      /          \
                     /    REST    \
                    /      IN      \
                   /     PEACE      \
                  /                  \
                  |    IanCurtis     |
                  |       6 Au       |
                  |   killed by an   |
                  |  invisible hill  |
                  |       orc        |
                  |                  |
                  |       2026       |
                 *|     *  *  *      | *
        _________)/\\_//(\/(/\)/\//\/|_)_______

Goodbye IanCurtis the Wizard...

You died in The Gnomish Mines on dungeon level 4 with 1746 points,
and 6 pieces of gold, after 1736 moves.
You were level 6 with a maximum of 49 hit points when you died.

